 Dungeon Crawl Stone Soup version 0.29.1-1-gd02db6906a (webtiles) character file.

Game seed: 15808724218915020050

6216 mortz the Destroyer (level 10, 0/65 HPs)
             Began as a White Draconian Conjurer on Oct 9, 2022.
             Was a Believer of Hepliaklqana.
             Slain by a wolf spider zombie (7 damage)
             ... on level 8 of the Dungeon.
             The game lasted 01:01:45 (8662 turns).

mortz the Destroyer (White Draconian Conjurer)      Turns: 8662, Time: 01:01:47

Health: 0/65       AC:  9    Str: 11    XL:     10   Next: 61%
Magic:  2/22       EV: 13    Int: 22    God:    Hepliaklqana [**....]
Gold:   774        SH:  0    Dex: 13    Spells: 14/25 levels left

rFire   . . .      SeeInvis .   w - +2 dagger (venom)
rCold   + . .      Faith    .   (no shield)
rNeg    . . .      Spirit   .   (body armour unavailable)
rPois   .          Reflect  .   q - +2 hat
rElec   .          Harm     .   (no cloak)
rCorr   +          Rampage  .   (no gloves)
Will    ++...                   (no boots)
Stlth   +++.......              j - amulet of magic regeneration
HPRegen 0.20/turn               p - ring of willpower
MPRegen 0.58/turn               F - ring "Ewkiopt" {Will+ rCorr Dex+4}

@: about to teleport, short of breath, very slightly contaminated
A: reduced essence, breathe frost, AC +7, unfitting armour, cold resistance 1,
cold-blooded
a: Breathe Frost, Renounce Religion, Recall Ancestor, Ancestor Identity


You were on level 8 of the Dungeon.
You worshipped Hepliaklqana.
Hepliaklqana was pleased with you.
You visited 2 branches of the dungeon, and saw 9 of its levels.

You collected 832 gold pieces.
You spent 58 gold pieces at shops.

Inventory:

Hand Weapons
 e - a +0 vorpal dagger
 g - a +0 dagger
 i - a +0 war axe
 m - a +0 vampiric dagger
 u - a +0 rapier
 w - a +2 dagger of venom (weapon)
 y - a +2 mace of holy wrath
Armour
 q - a +2 hat (worn)
Magical Staves
 E - a staff of cold
Jewellery
 j - an amulet of magic regeneration (around neck)
 p - a ring of willpower (left hand)
 D - a +4 ring of evasion
 F - the ring "Ewkiopt" (right hand) {Will+ rCorr Dex+4}
   (You found it on level 7 of the Dungeon)

   [ring of willpower]

   Dex:       It affects your dexterity (+4).
   rCorr:     It protects you from acid and corrosion.
   Will:      It increases your willpower.
 H - a +4 ring of evasion
Wands
 c - a wand of charming (32)
 o - a wand of acid (10)
 v - a wand of iceblast (8)
 G - a wand of flame (21)
Scrolls
 b - 2 scrolls of fog
 d - a scroll of enchant armour
 f - 4 scrolls of teleportation
 h - 2 scrolls of amnesia
 x - a scroll of immolation
 A - a scroll of silence
 B - 2 scrolls of blinking
Potions
 a - 2 potions of invisibility
 k - a potion of attraction
 l - 4 potions of might
 n - 5 potions of curing
 r - a potion of brilliance
 s - 3 potions of heal wounds
 t - 3 potions of resistance
 z - a potion of haste
 C - 2 potions of mutation
 I - a potion of degeneration {unknown}


   Skills:
 - Level 2.2 Fighting
 - Level 1.1 Short Blades
 - Level 4.9 Dodging
 + Level 5.2 Stealth
 * Level 8.2 Spellcasting
 * Level 9.9 Conjurations
 * Level 1.7 Summonings
 * Level 5.8 Translocations
 + Level 1.9 Evocations


You had 14 spell levels left.
You knew the following spells:

 Your Spells              Type           Power      Damage    Failure   Level
a - Magic Dart            Conj           100%       1d8       1%          1
b - Searing Ray           Conj           100%       2d8       1%          2
c - Iskenderun's Mystic   Conj/Tloc      44%        2d10      2%          4
d - Fulminant Prism       Conj/Hex       15%        3d11      10%         4

Your spell library contained the following spells:

 Spells                   Type           Power      Damage    Failure   Level
 Gell's Gravitas          Tloc           34%        N/A       1%          3
 Teleport Other           Tloc           34%        N/A       1%          3
 Dazzling Flash           Conj/Hex       62%        N/A       2%          3
 Summon Guardian Golem    Hex/Summ       13%        N/A       16%         3
 Olgreb's Toxic Radiance  Pois           9%         N/A       58%         4
 Dispersal                Tloc           17%        N/A       69%         6
 Orb of Destruction       Conj           26%        9d9       71%         7
 Starburst                Conj/Fire      15%        6d6       82%         6
 Spellforged Servitor     Conj/Summ      17%        N/A       99%         7
 Ozocubu's Refrigeration  Ice            4%         4d8       100%        7
 Ignition                 Fire           4%         3d4       100%        8


Dungeon Overview and Level Annotations

Branches:
Dungeon (8/15) Zot: 26037  Temple (1/1) D:6 Zot: 5858    Lair (0/5) D:8

Altars:
Ashenzari
Cheibriados
Elyvilon
Fedhas
Gozag
Hepliaklqana
Kikubaaqudgha
Nemelex Xobeh
Okawaru
Qazlal
Ru
Sif Muna
Trog
Uskayaw
Vehumet
Wu Jian
Yredelemnul
Zin
The Shining One

Shops:
D:6 *

Annotations:
D:3 3 runed translucent doors, vvl's ghost, amateur NaVM
D:7 2 transporters, xian's ghost, novice DjFE


Innate Abilities, Weirdness & Mutations

Your life essence is reduced to manifest your ancestor. (-10% HP)
You can breathe waves of freezing cold which knock back foes.
Your icy white scales are hard. (AC +7)
You cannot fit into any form of body armour.
Your flesh is cold resistant. (rC+)
You are cold-blooded and may be slowed by cold attacks.


Message History

Okay, then.
Casting: Iskenderun's Mystic Blast (dangerous; 3% risk of failure)
Confirm with . or Enter, or press ? or * to list all spells.
Aiming: Searing Ray (safe; 1% risk of failure)
Press: ? - help, Shift-Dir - straight line, f - wolf spider zombie
Aim: a wolf spider zombie (almost destroyed, 94% to hit)
The searing ray hits the wolf spider zombie!
You destroy the wolf spider zombie! (Press . to maintain the ray.) Mortz hits the hellwing with a +0 flail.
The hellwing hits mortz!
The hellwing hits mortz.
Casting: Searing Ray (safe; 1% risk of failure)
Confirm with . or Enter, or press ? or * to list all spells.
Restarting spell: Searing Ray (safe; 1% risk of failure)
Press: ? - help, Shift-Dir - straight line, f - wolf spider zombie
Aim: a wolf spider zombie (heavily damaged, 94% to hit)
The searing ray hits the wolf spider zombie. (Press . to maintain the ray.)
The wolf spider zombie hits you! The wolf spider zombie bites you.
Mortz barely misses the hellwing.
The hellwing hits mortz but does no damage. x2
You closely miss the hellwing.
You tail-slap the hellwing, but do no damage.
The hellwing is severely wounded.
The wolf spider zombie hits you. The wolf spider zombie misses you.
Mortz hits the hellwing but does no damage.
You hit the hellwing but do no damage.
The hellwing is severely wounded.
The wolf spider zombie hits you. The wolf spider zombie bites you.
* * * LOW HITPOINT WARNING * * *
The hellwing completely misses you.
The hellwing hits you but does no damage.
Mortz closely misses the hellwing.
As you read the scroll of teleportation, it crumbles to dust.
You feel strangely unstable. The wolf spider zombie hits you.
* * * LOW HITPOINT WARNING * * *
The wolf spider zombie misses you. The hellwing hits you.
* * * LOW HITPOINT WARNING * * *
The hellwing barely misses you. The wolf spider zombie hits you!
You die...

#...........# ##
#..........## # #.........##
........# ##......##### ....
........#
#.####.~~..♣♣♣..~~[..#
#.......## ###
#.~~P......~~.... #........#
##RP.♣♣.♣♣P...... ........#
##4..♣♣P.P♣♣.P.... #.......#
###@)♣.♣P...P♣.♣....
#.......#
###.Z.)♣P..._...P♣....
#<....#
#..))..♣.♣P...P♣.♣#...
#.....#
#......P.♣♣P.P♣♣).>...
##...##
##........P♣♣.♣♣.P.#...
..#####.......~≈...P..P~~####
..............~~.P♣♣♣..~≈# #
......................####
######...<............##


You could see the friendly mortz the knight, a hellwing (ally target) and a wolf
spider zombie.

Vanquished Creatures
  A wolf spider zombie (D:8)
  A centaur skeleton (D:8)
  A hellwing (D:8)
  Sigmund (D:3)
  A wraith (D:5)
  Eustachio (D:4)
  A steam dragon (D:7)
  Duvessa (D:4)
  2 water moccasins
  An orc warrior (D:7)
  Pargi (D:3)
  3 ice beasts (D:5)
  A sky beast (D:7)
  A black bear (D:5)
  6 ogres
  2 phantoms (D:5)
  A bullfrog (D:6)
  A necrophage (D:6)
  4 scorpions
  Dowan (D:4)
  3 wights (D:7)
  13 killer bees
  A howler monkey (D:4)
  7 hounds
  8 orc priests
  An iguana (D:5)
  Terence (D:3)
  5 orc wizards
  Natasha (thrice) (D:3)
  3 gnolls (D:6)
  13 adders
  3 shadow imps
  A white imp (D:5)
  4 ufetubi
  3 worms
  4 dart slugs
  40 orcs
  4 bats
  7 endoplasms
  5 giant cockroaches
  10 goblins
  5 hobgoblins
  4 jackals
  2 quokkas
  7 ball pythons
  4 frilled lizards (D:3)
  6 kobolds
  6 rats
205 creatures vanquished.

Vanquished Creatures (collateral kills)
  A centaur zombie (D:8)
  A centaur skeleton (D:8)
  A water moccasin (D:7)
  A kobold brigand (D:7)
  2 wights (D:7)
  2 orc priests (D:7)
  A shadow imp (D:7)
  A white imp (D:6)
  2 orcs (D:7)
  A kobold (D:7)
13 creatures vanquished.

Vanquished Creatures (others)
  An ancestor (D:8)
  A butterfly (D:8)
  2 fungi (D:8)
  3 plants (D:8)
  3 withered plants (D:8)
10 creatures vanquished.

Grand Total: 228 creatures vanquished

Notes
Turn   | Place    | Note
-------+----------+-------------------------------------------
     0 | D:1      | mortz the Draconian Conjurer began the quest for the Orb.
     0 | D:1      | Reached XP level 1. HP: 14/14 MP: 3/3
   341 | D:1      | Reached XP level 2. HP: 20/20 MP: 1/5
   344 | D:1      | Learned a level 2 spell: Searing Ray
   746 | D:1      | Found a faded altar of an unknown god.
  1063 | D:2      | Reached XP level 3. HP: 26/26 MP: 3/6
  1544 | D:3      | Noticed Pargi
  1627 | D:3      | Noticed Terence
  1635 | D:3      | Killed Terence
  1636 | D:3      | Reached XP level 4. HP: 29/33 MP: 1/8
  1796 | D:3      | Noticed Natasha
  1801 | D:3      | Killed Natasha
  1944 | D:3      | Found a runed translucent gate.
  1944 | D:3      | Found a runed translucent gate.
  1944 | D:3      | Found a runed translucent gate.
  1948 | D:3      | Noticed vvl's ghost (amateur NaVM)
  2114 | D:3      | Noticed Sigmund
  2160 | D:3      | Killed Sigmund
  2161 | D:3      | Reached skill level 5 in Conjurations
  2161 | D:3      | Reached XP level 5. HP: 27/38 MP: 7/10
  2161 | D:3      | Reached XP level 6. HP: 32/45 MP: 7/11
  2532 | D:3      | Noticed Natasha
  2535 | D:3      | Killed Natasha
  2564 | D:3      | Noticed Natasha
  2569 | D:3      | Killed Natasha
  2827 | D:3      | Killed Pargi
  2979 | D:4      | Identified the +5 dagger of Collusion {flame, *Noise rF-
                  | rN+ Str+5}
  3054 | D:4      | Noticed Eustachio
  3154 | D:4      | Reached skill level 1 in Short Blades
  3164 | D:4      | Your scales start taking on an icy white colour.
  3164 | D:4      | Reached XP level 7. HP: 51/51 MP: 5/13
  3164 | D:4      | Gained mutation: Your flesh is cold resistant. (rC+) [White
                  | Draconian growth]
  3201 | D:4      | Reached skill level 1 in Translocations
  3409 | D:4      | Reached skill level 6 in Conjurations
  3592 | D:4      | You fall into a shaft and drop 2 floors!
  3623 | D:5      | Entered Level 5 of the Dungeon
  3652 | D:5      | Found an ornate altar of the Wu Jian Council.
  3658 | D:5      | Found a basalt altar of Yredelemnul.
  3658 | D:5      | Found an ancient bone altar of Kikubaaqudgha.
  3660 | D:5      | Found a broken altar of Ashenzari.
  3661 | D:5      | Found a glowing silver altar of Zin.
  4011 | D:4      | Noticed Dowan
  4012 | D:4      | Noticed Duvessa
  4025 | D:4      | Killed Duvessa
  4026 | D:4      | Reached XP level 8. HP: 48/58 MP: 5/15
  4026 | D:4      | Killed Dowan
  4058 | D:4      | Learned a level 4 spell: Iskenderun's Mystic Blast
  4157 | D:4      | Killed Eustachio
  4158 | D:4      | Reached skill level 1 in Fighting
  4158 | D:4      | Reached skill level 5 in Spellcasting
  4726 | D:5      | Reached skill level 7 in Conjurations
  5070 | D:5      | Reached XP level 9. HP: 67/67 MP: 14/17
  5422 | D:5      | Reached skill level 1 in Evocations
  5799 | D:5      | Reached skill level 8 in Conjurations
  6039 | D:6      | Found a staircase to the Ecumenical Temple.
  6048 | Temple   | Entered the Ecumenical Temple
  6164 | Temple   | Became a worshipper of Hepliaklqana the Forgotten
  6248 | D:6      | Found Zitsel's CLEARANCE SALE!.
  6250 | D:6      | Bought a scroll of silence for 28 gold pieces
  6250 | D:6      | Bought a potion of resistance for 30 gold pieces
  6446 | D:6      | Found a sacrificial altar of Ru.
  6724 | D:6      | Reached * piety under Hepliaklqana
  6769 | D:6      | Found a stormy altar of Qazlal.
  6948 | D:7      | Reached skill level 5 in Translocations
  7086 | D:7      | Reached skill level 5 in Stealth
  7201 | D:7      | Identified the ring "Ewkiopt" {Will+ rCorr Dex+4}
  7356 | D:7      | Reached XP level 10. HP: 65/65 MP: 17/20
  7370 | D:7      | Noticed xian's ghost (novice DjFE)
  7404 | D:7      | Found a transporter.
  7425 | D:7      | Found a radiant altar of Vehumet.
  7637 | D:7      | Found an opulent altar of Gozag.
  7637 | D:7      | Found an iron altar of Okawaru.
  7658 | D:7      | Found a transporter.
  7675 | D:7      | Learned a level 4 spell: Fulminant Prism
  7792 | D:8      | Found a white marble altar of Elyvilon.
  7814 | D:8      | Reached skill level 9 in Conjurations
  7970 | D:8      | Found a staircase to the Lair.
  7971 | D:8      | Reached ** piety under Hepliaklqana
  7972 | D:8      | Remembered your ancestor mortz as a knight
  8502 | D:8      | Reached skill level 1 in Summonings
  8662 | D:8      | Slain by a wolf spider zombie

Illustrated notes

Levels and vault maps discovered:
D:1:      sevenhm_arrival_forest_fort_large_2, layout_rooms,
          shapermc_ecumenical_altar_totnotflames
D:2:      layout_rooms, chequers_serial_rivers_micro_c
D:3:      layout_loops_corners, gammafunk_ghost_nasty_kobolds,
          nicolae_eternal_life, minmay_quadrilaterals, uniq_pargi, uniq_natasha,
          uniq_terence, uniq_sigmund
D:4:      minmay_polygon_palace, layout_basic, kennysheep_orc_chapel,
          uniq_eustachio, uniq_duvessa
D:5:      minmay_bubble_buster, layout_basic, grunt_temple_overflow_open,
          minmay_fractal_squares_5
D:6:      layout_loops_corners, mainiacjoe_overflow_small_starburst,
          mainiacjoe_overflow_alcove_1, minmay_temple_entry_trees,
          nicolae_shop_clearance
D:7:      layout_loops_ring, vehumet_altar_wand_db,
          nicolae_overflow_two_pavilions, gammafunk_ghost_hive
D:8:      cheibrodos_grave_circle, layout_cave_pods,
          nicolae_elyvilon_peaceful_grove, dpeg_oklobed_lair
Temple:   nicolae_temple_godpark

Skill      XL: |  1  2  3  4  5  6  7  8  9 10 |
---------------+-------------------------------+-----
Dodging        | 2 3 4 |  4.9
Stealth        | 2 3 4 5 |  5.2
Spellcasting   | 3 4 5 7 8 |  8.2
Conjurations   | 5 6 7 8 9 |  9.9
Short Blades   | 1 |  1.1
Translocations | 2 4 5 |  5.8
Fighting       | 1 2 |  2.2
Evocations     | 1 |  1.9
Summonings     | 1 |  1.7

Action                   |  1- 3 |  4- 6 |  7- 9 | 10-12 || total
-------------------------+-------+-------+-------+-------++-------
Melee: Unarmed           |    12 |       |       |       ||    12
       Tailslap          |     4 |     1 |       |     1 ||     6
       Dagger            |    12 |     3 |     9 |     3 ||    27
 Cast: Magic Dart        |    54 |    30 |   105 |    27 ||   216
       Searing Ray       |     3 |    25 |    65 |     8 ||   101
       Iskenderun's Myst |       |       |     6 |    17 ||    23
Invok: Ancestor Identity |       |       |     1 |       ||     1
       Ancestor Life: Kn |       |       |       |     1 ||     1
 Abil: Breathe Frost     |       |       |    25 |     6 ||    31
Evoke: Wand              |       |       |     1 |       ||     1
  Use: Potion            |       |     1 |       |     1 ||     2
       Scroll            |       |     8 |    11 |     3 ||    22
 Stab: Sleeping          |     3 |     3 |     2 |       ||     8
Armor: Skin              |     9 |     6 |    42 |    17 ||    74
Dodge: Dodged            |    24 |    12 |    69 |    33 ||   138
